cohdb
Replays
Latest Replays
All Replays
Popular Replays
Top Player Replays
Match Explorer
How It Works
Community
CoH3 Stats
Reddit
Sign in to upload your games and track your stats! →
Sign in with Steam
Match 40796864
Unlisted
Match 40796864
Overview
Messages
Build Orders
End
Kradschützen Motorcycle Team
Selects Panzerjäger Kommand Battlegroup
Selects Mine Fields
Panzerpioneer Squad
250 Light Carrier
Construct Light Support Kompanie
MG34 Team
Assault Grenadier Squad
Fire Support Elements
Panzergrenadier Squad
Selects Defensive Positions
Flakvierling Half-track
Panzerjäger Mechanized Group
Vehicle Survival Package
2.5-tonne Medical Truck
Selects Tank Busters
Panzerjäger Squad
Selects Butterfly Bomb Drop
Construct Panzerarmee Kommand
Butterfly Bomb Drop
Selects Crew Shock Tactics
只愛❤毛妹
bhlh, member e41
0
0
Comments
sign in to comment!
No comments posted yet!